Map: Lost and Found LE

Players

LiquidMaNa (MaNa) - Winner!

  • Race: Protoss Protoss
  • League: Grandmaster
  • Spawn Location: 1:00

Solar

  • Race: Zerg Zerg
  • Spawn Location: 7:00

Event: HomeStory Cup XVII

VOD

Have the link to the VOD?

Description

Time

  • Played on: June 28, 2018, 3:42 p.m.
  • Length: 17:04

All games in this series

Show
View Real Time Build Order
Export as new Build Order

LiquidMaNa Protoss - Winner!

Build Orders: 1 Gate Expand, Oracle Opening, Phoenix Opening, Archon Immortal, Mass Phoenix 

Get SALT Encoding   

  12  0:00  Probe  
  13  0:12  Probe  
  14  0:18  Pylon  
  14  0:24  Probe  
  15  0:32  Probe  
  15  0:37  Assimilator  
  15  0:40  Probe  
  16  0:48  Gateway  
  17  0:50  Probe  
  18  0:58  Probe  
  19  1:07  Probe  
  20  1:27  Nexus  
  20  1:36  Cybernetics Core  
  20  1:38  Probe  
  21  1:43  Assimilator  
  21  1:50  Probe  
  22  1:54  Pylon  
  22  2:02  Probe  
  22  2:04  Adept  
  23  2:13  Warp Gate  
  23  2:14  Probe  
  26  2:24  Stargate  
  26  2:26  Probe  
  27  2:30  Adept  
  27  2:35  Probe  
  29  2:38  Probe  
  29  2:43  Probe  
  31  2:50  Probe  
  33  2:53  Probe  
  33  2:55  Gateway  
  34  3:02  Probe  
  34  3:05  Probe  
  36  3:07  Phoenix  
  38  3:14  Probe  
  38  3:17  Probe  
  40  3:23  Assimilator  
  40  3:24  Assimilator  
  40  3:26  Pylon  
  40  3:27  Probe  
  41  3:29  Probe  
  41  3:32  Oracle  
  45  3:37  Probe  
  45  3:41  Probe  
  46  3:45  Probe  
  47  3:49  Probe  
  47  3:50  Stargate  
  47  3:54  Probe  
  49  4:00  Phoenix, Probe  
  49  4:01  Pylon  
  51  4:05  Probe  
  51  4:09  Pylon  
  54  4:19  Probe  
  54  4:20  Zealot x2  
  54  4:23  Probe  
  60  4:28  Phoenix  
  60  4:31  Probe  
  63  4:35  Phoenix, Pylon  
  66  4:43  Probe  
  67  4:52  Phoenix x2  
  66  4:55  Nexus  
  65  5:01  Probe x2  
  65  5:06  Shield Battery  
  69  5:12  Phoenix  
  69  5:16  Sentry x2  
  69  5:19  Phoenix  
  77  5:26  Pylon  
  77  5:27  Pylon  
  77  5:40  Robotics Facility  
  77  5:41  Robotics Facility  
  77  5:44  Phoenix  
  77  5:46  Phoenix  
  77  5:48  Probe x2  
  83  5:52  Zealot  
  85  6:00  Probe  
  86  6:05  Probe  
  86  6:09  Probe  
  88  6:13  Probe, Twilight Council  
  88  6:15  Forge  
  88  6:17  Probe  
  90  6:21  Probe  
  90  6:23  Assimilator  
  90  6:25  Probe  
  92  6:27  Assimilator  
  92  6:29  Probe  
  92  6:30  Immortal  
  97  6:33  Probe  
  98  6:43  Zealot  
  98  6:44  Probe, Zealot  
  98  6:46  Immortal  
  101  6:47  Probe x2  
  101  6:53  Protoss Ground Weapons Level 1  
  103  6:57  Charge  
  103  6:58  Templar Archives  
  103  7:02  Immortal, Photon Cannon  
  103  7:07  Shield Battery  
  103  7:08  Probe x2  
  109  7:15  Pylon  
  109  7:17  Pylon  
  109  7:20  Pylon  
  109  7:21  Pylon  
  109  7:28  Observer  
  109  7:32  Psionic Storm  
  109  7:35  High Templar x2  
  109  7:36  Observer  
  109  7:37  Pylon  
  114  7:40  Gateway  
  114  7:41  Gateway  
  115  7:44  Gateway  
  115  7:49  Immortal  
  113  7:52  Gateway x2  
  113  7:56  Probe  
  113  7:57  Probe  
  119  7:59  Photon Cannon  
  119  8:05  Immortal  
  123  8:10  High Templar x2  
  127  8:15  Pylon  
  127  8:17  Probe x3, Pylon  
  130  8:27  Pylon  
  130  8:29  Immortal  
  130  8:32  Shield Battery  
  134  8:38  Pylon  
  134  8:40  Forge  
  134  8:44  Immortal, High Templar x2  
  142  8:52  Probe x2  
  142  8:55  Protoss Ground Armor Level 1  
  144  9:01  Gateway x2  
  144  9:08  Immortal  
  144  9:09  Nexus  
  148  9:16  Protoss Ground Weapons Level 2  
  148  9:22  High Templar x2  
  151  9:25  Photon Cannon x2  
  151  9:28  Archon  
  151  9:31  Pylon  
  151  9:37  Zealot x4  
  151  9:54  Archon  
  151  9:55  Zealot x3  
  151  9:58  Zealot x4  
  155  10:11  Zealot  
  155  10:13  Pylon  
  153  10:19  Immortal x2  
  153  10:20  High Templar x4  
  153  10:21  Zealot  
  171  10:26  Probe x3  
  171  10:27  Protoss Ground Armor Level 2, Probe  
  175  10:38  Probe x2  
  175  10:40  Photon Cannon  
  175  10:41  High Templar x2  
  175  10:42  Photon Cannon  
  179  10:43  Shield Battery  
  179  10:46  Archon, High Templar x2  
  179  10:49  Shield Battery  
  183  10:52  Archon  
  183  10:54  Assimilator, Shield Battery  
  181  10:57  Assimilator  
  181  10:59  Archon  
  181  11:02  Blink  
  181  11:04  Probe x3  
  178  11:05  High Templar, Zealot  
  178  11:06  Observer  
  178  11:07  Warp Prism, Zealot x2  
  188  11:14  Protoss Ground Weapons Level 3  
  176  11:29  Photon Cannon  
  176  11:30  Pylon  
  176  11:34  Observer  
  176  11:37  Photon Cannon  
  177  11:42  High Templar  
  177  11:43  High Templar  
  177  11:45  Warp Prism  
  183  11:53  Pylon  
  183  11:55  Protoss Air Weapons Level 1, Zealot  
  185  12:04  Zealot x2  
  185  12:05  Zealot x3  
  184  12:36  Stalker x2  
  184  12:37  Stalker x6  
  176  12:51  Protoss Ground Armor Level 3  
  176  12:58  Immortal x2  
  178  13:00  High Templar x6  
  190  13:11  Photon Cannon x2  
  189  13:14  Zealot x2  
  163  13:34  Zealot x5  
  163  13:35  Zealot x3  
  175  13:56  High Templar x4  
  175  13:57  High Templar x2  
  175  13:58  Zealot x2  
  175  14:01  Archon x2  
  175  14:02  Archon  
  191  14:08  Observer  
  192  14:13  Protoss Shields Level 1  
  192  14:20  Zealot x2  
  192  14:22  Nexus  
  194  14:31  Nexus, Stalker  
  193  14:39  Stalker  
  193  14:40  Stalker  
  193  14:44  Zealot x5  
  186  14:57  Pylon  
  186  14:59  Pylon  
  185  15:02  Pylon  
  181  15:17  Zealot x2  
  181  15:18  Zealot  
  181  15:33  Stalker x2  
  181  15:34  Stalker x3  
  161  15:54  Stalker x3  
  141  16:02  High Templar x5  
  121  16:17  Immortal x2  
  106  16:24  Stalker x3  
  112  16:28  Probe x3  
  123  16:35  Stalker x2  
  127  16:40  Probe x3  
  114  16:50  Archon  
  114  16:54  High Templar x3, Stalker  
  98  17:00  Archon  
  96  17:03  Archon  
Show
View Real Time Build Order
Export as new Build Order

Solar Zerg 

Build Orders: Hatch First, Brood Lord Corruptor 

Get SALT Encoding   

  12  0:01  Drone  
  13  0:11  Overlord  
  13  0:17  Drone  
  14  0:30  Drone  
  14  0:31  Drone  
  14  0:34  Drone  
  17  0:51  Hatchery  
  17  0:54  Drone  
  17  0:57  Drone  
  18  1:02  Extractor  
  17  1:15  Spawning Pool, Drone  
  17  1:18  Drone  
  18  1:27  Drone  
  19  1:38  Drone  
  20  1:49  Overlord  
  20  2:03  Queen x2  
  20  2:04  Zergling x4  
  20  2:05  Metabolic Boost  
  26  2:12  Drone  
  26  2:14  Drone  
  29  2:22  Drone  
  29  2:25  Drone  
  30  2:37  Hatchery  
  30  2:38  Drone  
  30  2:40  Zergling x2  
  31  2:45  Queen  
  31  2:50  Overlord  
  32  2:53  Drone  
  32  2:57  Drone x2  
  35  3:09  Drone x2  
  35  3:12  Drone x3  
  40  3:21  Drone x2  
  42  3:27  Overlord  
  42  3:28  Queen  
  42  3:29  Spore Crawler  
  42  3:31  Overlord  
  43  3:51  Drone x2  
  43  3:53  Drone x6  
  51  3:56  Queen  
  51  3:58  Overlord, Drone x2  
  51  4:00  Spore Crawler  
  51  4:01  Drone x2  
  56  4:07  Drone  
  57  4:17  Overlord  
  57  4:18  Drone x2  
  57  4:19  Lair  
  57  4:23  Roach Warren, Drone x2  
  57  4:24  Drone, Extractor  
  59  4:26  Drone  
  59  4:27  Drone, Extractor  
  59  4:28  Drone  
  59  4:30  Drone  
  62  4:31  Drone  
  62  4:32  Drone  
  62  4:34  Drone  
  62  4:37  Overlord  
  65  4:44  Zergling x6  
  68  4:48  Zergling x6  
  68  4:55  Drone x2  
  68  4:56  Drone x2  
  68  4:57  Extractor  
  71  5:01  Overlord  
  71  5:06  Overlord  
  71  5:07  Overlord  
  71  5:14  Roach x3  
  71  5:15  Roach x2  
  71  5:17  Overseer  
  71  5:19  Glial Reconstitution  
  71  5:21  Drone x3  
  84  5:22  Overlord  
  84  5:39  Drone  
  84  5:40  Spore Crawler, Hydralisk Den, Extractor  
  84  5:41  Drone x2  
  83  5:44  Drone x2  
  83  5:47  Drone x5  
  90  5:54  Spore Crawler  
  90  5:55  Extractor  
  88  5:57  Spore Crawler  
  88  5:58  Zergling x18  
  88  6:03  Drone  
  93  6:04  Overlord  
  93  6:09  Grooved Spines  
  93  6:10  Drone x3  
  92  6:12  Hydralisk  
  92  6:16  Hydralisk x2  
  94  6:22  Drone  
  94  6:24  Hydralisk  
  94  6:25  Hydralisk x6  
  108  6:29  Spore Crawler  
  108  6:31  Overlord  
  107  6:33  Overlord  
  107  6:38  Drone  
  105  6:40  Drone x2  
  105  6:41  Hydralisk  
  105  6:46  Drone x2  
  106  6:48  Hatchery  
  106  6:53  Drone x7  
  110  6:59  Hydralisk x2  
  110  7:00  Hydralisk  
  116  7:01  Evolution Chamber  
  116  7:08  Overlord  
  115  7:09  Hydralisk x2  
  119  7:18  Overlord  
  119  7:20  Hydralisk x2  
  119  7:21  Muscular Augments  
  123  7:24  Drone x6  
  123  7:25  Drone  
  123  7:27  Overlord  
  128  7:33  Zerg Melee Weapons Level 1  
  128  7:36  Infestation Pit  
  127  7:37  Baneling Nest  
  127  7:40  Overseer  
  126  7:47  Overlord x2  
  126  7:49  Drone x3  
  126  7:50  Drone x7  
  136  7:51  Spore Crawler  
  136  7:55  Drone x2  
  137  7:59  Spire  
  137  8:00  Drone  
  137  8:04  Overlord  
  137  8:08  Queen  
  137  8:11  Extractor  
  138  8:13  Spore Crawler, Hive  
  138  8:17  Overseer, Hydralisk  
  138  8:18  Hydralisk x2  
  143  8:28  Zergling x12  
  143  8:30  Centrifical Hooks  
  147  8:35  Hatchery  
  147  8:38  Zergling x14  
  147  8:39  Zergling x2  
  147  8:41  Pneumatized Carapace  
  154  8:43  Zergling x6  
  154  8:45  Zergling x2  
  154  8:46  Zergling x4  
  160  8:51  Overlord  
  160  8:53  Zergling x12  
  166  8:57  Overlord  
  166  9:03  Zergling x18  
  174  9:10  Evolution Chamber  
  174  9:14  Zergling x10  
  178  9:18  Baneling x5  
  178  9:22  Baneling x5  
  178  9:23  Baneling x5  
  178  9:27  Greater Spire  
  178  9:28  Adrenal Glands  
  178  9:30  Zergling x18  
  178  9:31  Zergling x2  
  188  9:32  Zergling x2  
  188  9:35  Overlord  
  187  9:42  Zergling x16  
  182  9:49  Zergling x18  
  172  9:54  Zergling x4  
  172  9:58  Zerg Ground Armor Level 1, Zerg Melee Weapons Level 2  
  172  9:59  Zergling x6  
  172  10:05  Zergling x2  
  172  10:06  Zergling x2  
  166  10:08  Hydralisk x2  
  166  10:09  Zergling x4  
  166  10:10  Overlord  
  166  10:11  Zergling x2  
  166  10:12  Zergling x6  
  175  10:16  Zergling x2  
  175  10:17  Zergling x6  
  175  10:21  Baneling x11  
  178  10:23  Overlord  
  178  10:27  Corruptor x3  
  183  10:31  Corruptor  
  183  10:34  Corruptor  
  186  10:37  Corruptor  
  188  10:44  Corruptor x3  
  188  10:48  Zerg Flyer Weapons Level 1  
  193  10:50  Spore Crawler, Drone x2  
  193  10:55  Overlord  
  189  11:03  Zergling x8  
  189  11:04  Zergling x12  
  191  11:08  Overlord  
  191  11:21  Brood Lord  
  191  11:22  Brood Lord x5  
  191  11:24  Brood Lord  
  198  11:26  Brood Lord  
  198  11:31  Extractor  
  199  11:37  Baneling  
  199  11:38  Baneling x7  
  199  11:41  Hatchery  
  199  11:43  Brood Lord  
  199  11:45  Baneling  
  199  11:46  Overseer  
  200  11:51  Baneling  
  200  11:52  Baneling x3  
  199  12:02  Zerg Missile Weapons Level 1  
  199  12:04  Baneling x4  
  199  12:28  Zergling x2  
  197  12:30  Spine Crawler  
  197  12:33  Zergling x2  
  179  12:37  Zergling x6  
  179  12:38  Zergling x34  
  179  12:39  Zergling x2  
  179  12:43  Zergling x2  
  193  12:44  Hydralisk  
  193  12:45  Hydralisk  
  193  12:46  Hydralisk x2  
  193  12:48  Hydralisk x3  
  193  12:49  Hydralisk x2  
  193  12:50  Hydralisk x4  
  197  12:52  Zergling x2  
  197  12:53  Zergling x14  
  197  12:54  Hydralisk x3, Zergling x14  
  197  12:55  Zergling x2  
  197  12:57  Zergling x2  
  184  13:04  Hydralisk x4  
  189  13:06  Baneling  
  189  13:07  Baneling x7  
  189  13:08  Baneling x3  
  189  13:11  Zergling x2  
  190  13:16  Zergling x2  
  190  13:17  Zergling x6  
  185  13:20  Baneling x11  
  185  13:25  Zergling x2  
  182  13:28  Zergling x12  
  182  13:32  Zergling x8  
  185  13:35  Zergling x2  
  185  13:37  Baneling  
  185  13:38  Baneling x8  
  185  13:40  Zergling x2  
  186  13:42  Zergling x4  
  186  13:43  Zergling x4  
  186  13:44  Zergling x2  
  186  13:47  Zergling x2  
  186  13:48  Zergling x4  
  177  14:00  Corruptor  
  177  14:01  Corruptor x3  
  185  14:03  Overseer  
  185  14:07  Corruptor x2  
  189  14:11  Corruptor  
  182  14:28  Corruptor x7  
  159  14:42  Zergling x2  
  159  14:43  Zergling x14  
  156  14:55  Zergling x2  
  156  14:56  Zergling x2  
  156  14:59  Brood Lord  
  147  15:00  Brood Lord x4  
  153  15:08  Brood Lord  
  153  15:10  Zergling x2  
  154  15:16  Zergling x4  
  150  15:24  Zergling x10  
  150  15:26  Zergling x2  
  152  15:36  Zergling x2  
  152  15:38  Zergling x4  
  152  15:41  Zergling x2  
  136  15:50  Zergling x2  
  136  15:54  Hydralisk  
  123  15:57  Zergling x2  
  122  16:07  Zergling x2  
  122  16:08  Zergling x4  
  121  16:11  Zergling x2  
  121  16:20  Baneling x3  
  121  16:31  Baneling x8  
  121  16:36  Zergling x4  
  121  16:42  Zergling x2  
Tags
 
Add a new tag
Caveats
  • Supply blocks, unpowered buildings, or Contaminate may cause inaccurate times.
  • Supply counts are checked every 10 seconds.